Map: New Gettysburg LE

Players

ZanyCoyote

  • Race: Zerg Zerg
  • League: Diamond

llllllllllll - Winner!

  • Race: Protoss Protoss
  • League: Diamond

VOD

Have the link to the VOD?

Description

Time

  • Played on: Sept. 25, 2016, 9:28 p.m.
  • Length: 16:27
Show
View Real Time Build Order
Export as new Build Order

ZanyCoyote Zerg 

Build Orders: 3 Hatch before Pool 

Get SALT Encoding   

  12  0:02  Drone  
  13  0:14  Overlord  
  13  0:21  Drone  
  14  0:32  Drone x2  
  16  0:36  Drone  
  17  0:57  Hatchery  
  17  0:59  Drone  
  17  1:04  Drone  
  17  1:10  Drone  
  19  1:21  Drone  
  20  1:33  Drone  
  20  1:37  Hatchery  
  20  1:50  Drone  
  21  2:02  Drone  
  21  2:05  Spawning Pool  
  21  2:07  Drone  
  22  2:11  Drone  
  22  2:14  Overlord  
  23  2:28  Drone x2  
  25  2:33  Drone  
  26  2:39  Drone, Extractor  
  26  2:40  Extractor  
  26  2:43  Drone  
  26  2:50  Drone x2  
  28  2:52  Queen  
  28  2:54  Queen  
  28  2:56  Queen  
  28  2:57  Overlord  
  34  3:00  Drone x2  
  36  3:08  Drone x2  
  38  3:13  Zergling x2  
  38  3:15  Drone  
  40  3:20  Drone  
  40  3:22  Drone  
  42  3:29  Drone x2  
  42  3:31  Queen  
  42  3:34  Queen  
  46  3:35  Overlord  
  48  3:42  Lair  
  48  3:44  Zergling x2  
  50  3:48  Drone  
  50  3:50  Overlord  
  50  4:02  Metabolic Boost  
  50  4:06  Drone x2  
  50  4:07  Extractor x2  
  50  4:12  Drone x4  
  50  4:13  Drone x4  
  58  4:20  Extractor  
  55  4:28  Drone x3  
  55  4:29  Drone x6  
  62  4:40  Drone  
  62  4:41  Drone x2  
  62  4:43  Overseer  
  62  4:45  Spire  
  64  5:01  Drone  
  64  5:02  Drone  
  64  5:03  Overlord x4  
  66  5:10  Overlord x3  
  66  5:19  Overlord x2  
  66  5:25  Extractor  
  65  5:30  Drone x4  
  65  5:31  Drone x2  
  71  5:38  Hatchery  
  70  5:47  Spine Crawler x2  
  70  5:49  Spine Crawler  
  67  5:55  Drone  
  67  5:56  Drone  
  69  5:57  Mutalisk x2  
  69  5:58  Zerg Flyer Weapons Level 1, Mutalisk x3  
  79  6:10  Mutalisk x4  
  87  6:15  Drone x2  
  89  6:18  Drone  
  89  6:19  Drone x2  
  92  6:29  Mutalisk x2  
  92  6:30  Mutalisk x2  
  100  6:43  Mutalisk x2  
  97  6:58  Drone x3  
  97  6:59  Drone x3  
  99  7:02  Mutalisk x3  
  105  7:09  Drone x3  
  105  7:10  Drone x3  
  105  7:11  Queen  
  105  7:14  Mutalisk  
  115  7:20  Extractor x2  
  115  7:21  Mutalisk  
  115  7:33  Mutalisk x2  
  113  7:46  Mutalisk x2  
  109  7:53  Zergling x10  
  109  7:54  Zergling x6  
  95  8:08  Spore Crawler x2  
  95  8:09  Spore Crawler  
  95  8:12  Spore Crawler  
  91  8:13  Spore Crawler  
  91  8:14  Spore Crawler  
  91  8:15  Spore Crawler x3  
  91  8:17  Queen  
  91  8:18  Drone x5  
  91  8:19  Drone x3  
  95  8:29  Zerg Flyer Armor Level 1  
  96  8:34  Drone x4  
  96  8:35  Drone  
  97  8:45  Evolution Chamber  
  97  8:47  Evolution Chamber  
  92  8:49  Drone x6, Infestation Pit  
  92  8:52  Spore Crawler  
  92  8:54  Spore Crawler  
  92  8:55  Spore Crawler  
  90  8:57  Drone x2  
  90  8:58  Queen  
  88  9:03  Drone x3  
  88  9:06  Drone x5  
  88  9:07  Drone  
  85  9:18  Zerg Melee Weapons Level 1, Zerg Ground Armor Level 1  
  85  9:19  Queen  
  87  9:34  Zergling x2  
  87  9:35  Zergling x16  
  87  9:37  Overlord  
  96  9:39  Hatchery, Extractor  
  96  9:42  Extractor  
  94  9:47  Zergling x2  
  94  9:48  Zergling x6  
  94  9:50  Overlord x2  
  94  9:51  Overlord  
  94  10:03  Drone x8  
  94  10:04  Drone x2  
  104  10:14  Mutalisk x4  
  102  10:23  Mutalisk x4  
  107  10:36  Mutalisk x3  
  107  10:37  Mutalisk x3  
  111  10:54  Hatchery  
  108  11:01  Hatchery  
  92  11:13  Mutalisk x4  
  92  11:14  Mutalisk x6  
  102  11:28  Drone x3  
  102  11:29  Overlord x2  
  102  11:30  Overlord  
  88  11:51  Mutalisk x3  
  88  11:52  Mutalisk x3  
  78  12:04  Zergling x2  
  78  12:05  Zergling x10  
  81  12:38  Mutalisk x8  
  81  12:43  Drone x2  
  93  13:00  Mutalisk x4  
  99  13:08  Drone, Spore Crawler  
  99  13:09  Drone x3  
  96  13:13  Mutalisk  
  94  13:22  Drone x2  
  94  13:23  Drone  
  79  13:36  Mutalisk x2  
  79  13:37  Mutalisk  
  83  13:46  Mutalisk x3  
  87  14:02  Corruptor  
  73  14:05  Overseer  
  71  14:12  Spore Crawler  
  68  14:19  Extractor  
  68  14:20  Corruptor x3  
  68  14:22  Extractor  
  72  14:30  Zergling x6  
  72  14:31  Zergling x2  
  70  14:42  Hatchery  
  60  15:06  Corruptor  
  47  15:23  Drone x4  
  48  15:33  Corruptor x2  
Show
View Real Time Build Order
Export as new Build Order

llllllllllll Protoss - Winner!

Build Orders: 1 Gate Expand, Double Forge 

Get SALT Encoding   

  12  0:01  Probe (Chrono Boost)  
  13  0:11  Probe (Chrono Boost)  
  14  0:22  Probe (Chrono Boost)  
  14  0:26  Pylon  
  15  0:44  Probe (Chrono Boost)  
  16  0:50  Gateway  
  16  0:54  Probe (Chrono Boost)  
  16  0:55  Assimilator  
  17  0:59  Assimilator  
  17  1:05  Probe (Chrono Boost)  
  18  1:15  Probe (Chrono Boost)  
  19  1:26  Probe (Chrono Boost)  
  20  1:36  Probe (Chrono Boost)  
  21  1:42  Nexus  
  21  1:47  Probe (Chrono Boost)  
  22  1:58  Probe (Chrono Boost)  
  23  2:02  Cybernetics Core  
  23  2:09  Pylon  
  23  2:24  Zealot  
  23  2:29  Probe (Chrono Boost)  
  26  2:36  Forge  
  28  2:46  Mothership Core (Chrono Boost)  
  28  2:47  Zealot  
  30  3:07  Forge  
  30  3:08  Probe (Chrono Boost)  
  30  3:09  Probe (Chrono Boost)  
  30  3:11  Assimilator  
  32  3:13  Assimilator  
  32  3:23  Probe (Chrono Boost)  
  32  3:24  Probe (Chrono Boost)  
  34  3:29  Stalker  
  34  3:30  Pylon  
  34  3:34  Probe (Chrono Boost)  
  37  3:37  Probe (Chrono Boost)  
  38  3:44  Probe (Chrono Boost)  
  38  3:46  Photon Cannon  
  40  3:49  Probe (Chrono Boost)  
  40  3:55  Probe (Chrono Boost)  
  41  4:01  Probe (Chrono Boost)  
  42  4:05  Probe (Chrono Boost), Stargate  
  41  4:29  Mothership Core (Chrono Boost)  
  43  4:32  Stargate  
  43  4:34  Stargate  
  43  4:37  Probe (Chrono Boost)  
  42  4:40  Pylon  
  42  4:45  Pylon  
  40  4:47  Probe (Chrono Boost)  
  40  4:49  Probe (Chrono Boost)  
  42  4:58  Probe (Chrono Boost)  
  44  5:01  Probe (Chrono Boost)  
  44  5:04  Oracle  
  47  5:10  Probe (Chrono Boost)  
  47  5:13  Oracle x2  
  49  5:15  Probe (Chrono Boost)  
  56  5:22  Probe (Chrono Boost)  
  56  5:27  Photon Cannon  
  57  5:30  Probe (Chrono Boost)  
  57  5:34  Pylon, Probe (Chrono Boost)  
  58  5:41  Oracle  
  61  5:44  Oracle x2  
  67  5:54  Photon Cannon  
  67  6:00  Photon Cannon  
  67  6:02  Photon Cannon  
  67  6:11  Photon Cannon  
  67  6:14  Probe x2 (Chrono Boost)  
  67  6:18  Photon Cannon  
  73  6:26  Probe (Chrono Boost)  
  76  6:40  Photon Cannon  
  76  6:43  Phoenix x2  
  76  6:46  Phoenix  
  58  7:02  Photon Cannon  
  58  7:04  Phoenix  
  58  7:05  Phoenix, Photon Cannon  
  58  7:07  Photon Cannon  
  60  7:11  Photon Cannon  
  60  7:12  Pylon  
  62  7:16  Photon Cannon  
  62  7:22  Phoenix  
  62  7:26  Phoenix  
  62  7:27  Phoenix  
  64  7:38  Pylon  
  64  7:40  Pylon  
  64  7:42  Pylon  
  56  8:08  Pylon  
  56  8:10  Probe x2 (Chrono Boost), Phoenix x2  
  58  8:14  Phoenix  
  64  8:22  Probe (Chrono Boost)  
  65  8:27  Pylon x2  
  65  8:32  Phoenix x2  
  75  9:08  Void Ray x2  
  73  9:14  Void Ray  
  75  9:28  Stargate  
  75  9:29  Pylon  
  75  9:41  Photon Cannon  
  75  9:42  Pylon  
  75  9:46  Void Ray x2  
  83  9:57  Void Ray  
  87  10:13  Photon Cannon  
  87  10:15  Photon Cannon  
  86  10:23  Void Ray  
  86  10:26  Void Ray  
  86  10:31  Void Ray  
  98  10:53  Void Ray  
  102  11:00  Void Ray  
  106  11:14  Void Ray  
  106  11:20  Void Ray  
  114  11:35  Void Ray  
  114  11:37  Void Ray  
  82  12:01  Void Ray  
  82  12:07  Void Ray  
  86  12:18  Void Ray  
  82  14:19  Zealot  
  84  14:46  Zealot  
  84  14:47  Stargate x2  
  86  15:13  Zealot  
  76  15:40  Stalker  
Tags
 
Add a new tag
Caveats
  • Supply blocks, unpowered buildings, or Contaminate may cause inaccurate times.
  • Supply counts are checked every 10 seconds.